| TOP OF THE 1ST |
|
Rochester Red Wings batting - Pitching for Durham Bulls : RHP Joel Montenegro
|
|
Pitching: RHP Joel Montenegro
|
|
|
Batting: LHB Peer Derks
|
0-0: Fly out, F8 (Flyball, 8LM, EV 67.5 MPH)
|
|
Batting: RHB Jesse Scott
|
0-0: Fly out, F8 (Line Drive, 8RM, EV 90.6 MPH)
|
|
Batting: RHB Hildo Pot
|
0-0: Ball 1-0: Ball 2-0: Ball 3-0: Called Strike 3-1: Ground out 5-3 (Groundball, 5, EV 100.0 MPH)
|
| Top of the 1st over - 0 runs, 0 hits, 0 errors, 0 left on base; Rochester 0 - Durham 0 |
| BOTTOM OF THE 1ST |
|
Durham Bulls batting - Pitching for Rochester Red Wings : LHP Brett Grijalva
|
|
Pitching: LHP Brett Grijalva
|
|
|
Batting: LHB Angel Ruvalcaba
|
0-0: Swinging Strike 0-1: Foul Ball, location: 2F 0-2: Foul Ball, location: 2F 0-2: Strikes out swinging
|
|
Batting: SHB Ben Pierce
|
0-0: Ball 1-0: Foul Ball, location: 2F 1-1: Ball 2-1: Swinging Strike 2-2: Strikes out looking
|
|
Batting: LHB Jimmy Buscemi
|
0-0: Ball 1-0: Foul Ball, location: 2F 1-1: Ball 2-1: Swinging Strike 2-2: Foul Ball, location: 2F 2-2: Foul Ball, location: 2F 2-2: Ball 3-2: Base on Balls
|
|
Batting: RHB Amari Benton
|
0-0: Called Strike 0-1: Ball 1-1: Ball 2-1: Ball 3-1: Foul Ball, location: 2F 3-2: Foul Ball, location: 2F 3-2: Base on Balls Jimmy Buscemi to second
|
|
Batting: RHB Eugênio Asceno
|
0-0: Ball 1-0: Foul Ball, location: 2F 1-1: Foul Ball, location: 2F 1-2: Strikes out swinging
|
| Bottom of the 1st over - 0 runs, 0 hits, 0 errors, 2 left on base; Rochester 0 - Durham 0 |
| TOP OF THE 2ND |
|
Rochester Red Wings batting - Pitching for Durham Bulls : RHP Joel Montenegro
|
|
Batting: RHB Michel Martineau
|
0-0: Called Strike 0-1: Ball 1-1: Foul Ball, location: 2F 1-2: Fly out, F5 (Line Drive, 5, EV 71.2 MPH)
|
|
Batting: SHB Aaron Tatar
|
0-0: Hit by Pitch
|
|
Batting: RHB Tony Rivera
|
0-0: Foul Ball, location: 2F 0-1: Called Strike 0-2: Ball 1-2: Ball 2-2: Grounds into double play, 5-4-3 (Groundball, 56, EV 103.1 MPH)
|
| Top of the 2nd over - 0 runs, 0 hits, 0 errors, 0 left on base; Rochester 0 - Durham 0 |
| BOTTOM OF THE 2ND |
|
Durham Bulls batting - Pitching for Rochester Red Wings : LHP Brett Grijalva
|
|
Batting: LHB Brian Hollinger
|
0-0: Ball 1-0: Swinging Strike 1-1: Swinging Strike 1-2: Ball 2-2: Strikes out swinging, 2-3 out at first.
|
|
Batting: RHB Shinji Aizawa
|
0-0: Called Strike 0-1: Ball 1-1: Ball 2-1: Swinging Strike 2-2: Strikes out looking
|
|
Batting: LHB Danny Hull
|
0-0: Swinging Strike 0-1: Ball 1-1: Ball 2-1: Foul Ball, location: 2F 2-2: Strikes out swinging
|
| Bottom of the 2nd over - 0 runs, 0 hits, 0 errors, 0 left on base; Rochester 0 - Durham 0 |
| TOP OF THE 3RD |
|
Rochester Red Wings batting - Pitching for Durham Bulls : RHP Joel Montenegro
|
|
Batting: RHB Sifaks Warui
|
0-0: Ball 1-0: Foul Ball, location: 2F 1-1: Foul Ball, location: 2F 1-2: Strikes out swinging
|
|
Batting: SHB David Myles
|
0-0: Ball 1-0: Foul Ball, location: 2F 1-1: Ball 2-1: Foul Ball, location: 2F 2-2: Strikes out swinging
|
|
Batting: RHB Eric Narrow
|
0-0: Ball 1-0: Ball 2-0: Called Strike 2-1: Swinging Strike 2-2: SINGLE (Groundball, 4MS, EV 68.1 MPH) (infield hit)
|
|
Batting: LHB Peer Derks
|
0-0: Swinging Strike 0-1: Swinging Strike 0-2: Ball 1-2: Foul Ball, location: 2F 1-2: Ball 2-2: Ball 3-2: Foul Ball, location: 2F 3-2: Ground out 4-3 (Groundball, 4M, EV 101.2 MPH)
|
| Top of the 3rd over - 0 runs, 1 hit, 0 errors, 1 left on base; Rochester 0 - Durham 0 |
| BOTTOM OF THE 3RD |
|
Durham Bulls batting - Pitching for Rochester Red Wings : LHP Brett Grijalva
|
|
Batting: RHB Jose Herrera
|
0-0: Ball 1-0: Called Strike 1-1: Foul Ball, location: 2F 1-2: Ball 2-2: Ground out 5-3 (Groundball, 56, EV 105.0 MPH)
|
|
Batting: LHB Angel Ruvalcaba
|
0-0: Ground out 4-3 (Groundball, 4, EV 103.1 MPH)
|
|
Batting: SHB Ben Pierce
|
0-0: Called Strike 0-1: Ball 1-1: Swinging Strike 1-2: SINGLE (Groundball, 56S, EV 64.4 MPH) (infield hit)
|
|
Batting: LHB Jimmy Buscemi
|
0-0: Foul Ball, location: 2F 0-1: Foul Ball, location: 2F 0-2: Ball 1-2: Ball 2-2: SINGLE (Groundball, 6MD, EV 97.5 MPH) Ben Pierce to second
|
|
Batting: RHB Amari Benton
|
0-0: Foul Ball, location: 2F 0-1: Ball 1-1: Fly out, F4 (Popup, 4S, EV 80.6 MPH)
|
| Bottom of the 3rd over - 0 runs, 2 hits, 0 errors, 2 left on base; Rochester 0 - Durham 0 |
| TOP OF THE 4TH |
|
Rochester Red Wings batting - Pitching for Durham Bulls : RHP Joel Montenegro
|
|
Batting: RHB Jesse Scott
|
0-0: Ball 1-0: Called Strike 1-1: Ball 2-1: Called Strike 2-2: Strikes out swinging
|
|
Batting: RHB Hildo Pot
|
0-0: Ball 1-0: Ball 2-0: Fly out, F9 (Flyball, 9S, EV 81.2 MPH)
|
|
Batting: RHB Michel Martineau
|
0-0: Ball 1-0: SOLO HOME RUN (Flyball, 9D, EV 92.5 MPH), Distance : 358 ft
|
|
Batting: SHB Aaron Tatar
|
0-0: Called Strike 0-1: Ball 1-1: Ball 2-1: Called Strike 2-2: Foul Ball, location: 2F 2-2: Ball 3-2: Strikes out swinging
|
| Top of the 4th over - 1 run, 1 hit, 0 errors, 0 left on base; Rochester 1 - Durham 0 |
| BOTTOM OF THE 4TH |
|
Durham Bulls batting - Pitching for Rochester Red Wings : LHP Brett Grijalva
|
|
Batting: RHB Eugênio Asceno
|
0-0: Called Strike 0-1: Ball 1-1: Ball 2-1: SINGLE (Line Drive, 7LS, EV 88.8 MPH)
|
|
Batting: LHB Brian Hollinger
|
0-0: SINGLE (Groundball, 34S, EV 68.1 MPH) (infield hit) Eugênio Asceno to second
|
|
Batting: RHB Shinji Aizawa
|
0-0: Ball 1-0: Ball 2-0: Ball 3-0: Base on Balls Eugênio Asceno to third Brian Hollinger to second
|
|
Batting: LHB Danny Hull
|
0-0: Called Strike 0-1: Fly out, F6 (Flyball, 56D, EV 79.4 MPH)
|
|
Batting: RHB Jose Herrera
|
0-0: Called Strike 0-1: Ball 1-1: Called Strike 1-2: Strikes out swinging
|
|
Batting: LHB Angel Ruvalcaba
|
0-0: Ball 1-0: Ball 2-0: Ground out U3 (Groundball, 34S, EV 85.6 MPH)
|
| Bottom of the 4th over - 0 runs, 2 hits, 0 errors, 3 left on base; Rochester 1 - Durham 0 |
| TOP OF THE 5TH |
|
Rochester Red Wings batting - Pitching for Durham Bulls : RHP Joel Montenegro
|
|
Batting: RHB Tony Rivera
|
0-0: Ground out 6-3 (Groundball, 6, EV 75.6 MPH)
|
|
Batting: RHB Sifaks Warui
|
0-0: Foul Ball, location: 2F 0-1: Swinging Strike 0-2: Ball 1-2: Strikes out swinging
|
|
Batting: SHB David Myles
|
0-0: Ground out 3-1 (Groundball, 34, EV 87.5 MPH)
|
| Top of the 5th over - 0 runs, 0 hits, 0 errors, 0 left on base; Rochester 1 - Durham 0 |
| BOTTOM OF THE 5TH |
|
Durham Bulls batting - Pitching for Rochester Red Wings : LHP Brett Grijalva
|
|
Batting: SHB Ben Pierce
|
0-0: Ground out 3-1 (Groundball, 34S, EV 65.6 MPH)
|
|
Batting: LHB Jimmy Buscemi
|
0-0: Ball 1-0: Ball 2-0: Ball 3-0: Called Strike 3-1: Fly out, F8 (Flyball, 89D, EV 85.6 MPH)
|
|
Batting: RHB Amari Benton
|
0-0: Ball 1-0: Ground out 1-3 (Groundball, 13S, EV 72.5 MPH)
|
| Bottom of the 5th over - 0 runs, 0 hits, 0 errors, 0 left on base; Rochester 1 - Durham 0 |
| TOP OF THE 6TH |
|
Rochester Red Wings batting - Pitching for Durham Bulls : RHP Joel Montenegro
|
|
Batting: RHB Eric Narrow
|
0-0: Ball 1-0: Swinging Strike 1-1: Foul Ball, location: 2F 1-2: Ball 2-2: Foul Ball, location: 2F 2-2: Strikes out swinging
|
|
Batting: LHB Peer Derks
|
0-0: Foul Ball, location: 2F 0-1: SOLO HOME RUN (Flyball, 7LD, EV 90.6 MPH), Distance : 328 ft
|
|
Batting: RHB Jesse Scott
|
0-0: Called Strike 0-1: Called Strike 0-2: Fly out, F3 (Flyball, 3D, EV 95.0 MPH)
|
|
Batting: RHB Hildo Pot
|
0-0: Foul Ball, location: 2F 0-1: Ball 1-1: Ball 2-1: Foul Ball, location: 2F 2-2: Foul Ball, location: 2F 2-2: Strikes out swinging
|
| Top of the 6th over - 1 run, 1 hit, 0 errors, 0 left on base; Rochester 2 - Durham 0 |
| BOTTOM OF THE 6TH |
|
Durham Bulls batting - Pitching for Rochester Red Wings : LHP Brett Grijalva
|
|
Batting: RHB Eugênio Asceno
|
0-0: Ground out 1-3 (Groundball, 13S, EV 70.0 MPH)
|
|
Batting: LHB Brian Hollinger
|
0-0: Ball 1-0: Ball 2-0: Called Strike 2-1: Ball 3-1: Base on Balls
|
|
Batting: RHB Shinji Aizawa
|
0-0: Called Strike 0-1: Called Strike 0-2: Ball 1-2: Strikes out looking
|
|
Batting: LHB Danny Hull
|
0-0: Foul Ball, location: 2F 0-1: Ball 1-1: Foul Ball, location: 2F 1-2: Ground out U3 (Groundball, 3L, EV 89.4 MPH)
|
| Bottom of the 6th over - 0 runs, 0 hits, 0 errors, 1 left on base; Rochester 2 - Durham 0 |
| TOP OF THE 7TH |
|
Rochester Red Wings batting - Pitching for Durham Bulls : RHP Joel Montenegro
|
|
Batting: RHB Michel Martineau
|
0-0: Called Strike 0-1: Ball 1-1: Foul Ball, location: 2F 1-2: Ground out 5-3 (Groundball, 56S, EV 67.5 MPH)
|
|
Batting: SHB Aaron Tatar
|
0-0: Ball 1-0: Ball 2-0: Foul Ball, location: 2F 2-1: Foul Ball, location: 2F 2-2: Strikes out swinging
|
|
Batting: RHB Tony Rivera
|
0-0: Foul Ball, location: 2F 0-1: Ground out 6-3 (Groundball, 56, EV 83.1 MPH)
|
| Top of the 7th over - 0 runs, 0 hits, 0 errors, 0 left on base; Rochester 2 - Durham 0 |
| BOTTOM OF THE 7TH |
|
Durham Bulls batting - Pitching for Rochester Red Wings : LHP Brett Grijalva
|
|
Batting: RHB Jose Herrera
|
0-0: Called Strike 0-1: Called Strike 0-2: Ball 1-2: Ball 2-2: Ground out 6-3 (Groundball, 6, EV 94.4 MPH)
|
|
Pitching: RHP Fernando Macias
|
|
|
Batting: LHB Angel Ruvalcaba
|
0-0: Ball 1-0: Ground out 5-3 (Groundball, 5, EV 83.8 MPH)
|
|
Batting: SHB Ben Pierce
|
0-0: Ball 1-0: Ball 2-0: Ball 3-0: Called Strike 3-1: Base on Balls
|
|
Batting: LHB Jimmy Buscemi
|
0-0: Ball 1-0: Ball 2-0: Ball 3-0: Base on Balls Ben Pierce to second
|
|
Batting: RHB Amari Benton
|
0-0: Ground out 3-1 (Groundball, 34, EV 83.8 MPH)
|
| Bottom of the 7th over - 0 runs, 0 hits, 0 errors, 2 left on base; Rochester 2 - Durham 0 |
| TOP OF THE 8TH |
|
Rochester Red Wings batting - Pitching for Durham Bulls : RHP Joel Montenegro
|
|
Batting: RHB Sifaks Warui
|
0-0: Ground out 5-3 (Groundball, 5L, EV 104.4 MPH)
|
|
Batting: SHB David Myles
|
0-0: Ball 1-0: Foul Ball, location: 2F 1-1: Ground out U3 (Groundball, 3S, EV 90.6 MPH)
|
|
Batting: RHB Eric Narrow
|
0-0: Ball 1-0: Ball 2-0: SINGLE (Line Drive, 6MD, EV 101.2 MPH)
|
|
Batting: LHB Peer Derks
|
0-0: Called Strike 0-1: Hit by Pitch Eric Narrow to second
|
|
Batting: RHB Jesse Scott
|
0-0: Called Strike 0-1: Foul Ball, location: 2F 0-2: Ball 1-2: Ball 2-2: Fielders Choice at 2nd, 6-4 (Groundball, 6, EV 79.4 MPH)
|
| Top of the 8th over - 0 runs, 1 hit, 0 errors, 2 left on base; Rochester 2 - Durham 0 |
| BOTTOM OF THE 8TH |
|
Durham Bulls batting - Pitching for Rochester Red Wings : RHP Fernando Macias
|
|
Batting: RHB Eugênio Asceno
|
0-0: Swinging Strike 0-1: Ball 1-1: Ball 2-1: Foul Ball, location: 2F 2-2: Ground out 6-3 (Groundball, 6, EV 100.6 MPH)
|
|
Batting: LHB Brian Hollinger
|
0-0: Ball 1-0: Foul Ball, location: 2F 1-1: Foul Ball, location: 2F 1-2: Strikes out looking
|
|
Batting: RHB Shinji Aizawa
|
0-0: Called Strike 0-1: Ball 1-1: SINGLE (Groundball, 4MD, EV 97.5 MPH)
|
|
Batting: LHB Danny Hull
|
0-0: Ball 1-0: Swinging Strike 1-1: Foul Ball, location: 2F 1-2: Ball 2-2: Strikes out swinging
|
| Bottom of the 8th over - 0 runs, 1 hit, 0 errors, 1 left on base; Rochester 2 - Durham 0 |
| TOP OF THE 9TH |
|
Rochester Red Wings batting - Pitching for Durham Bulls : RHP Joel Montenegro
|
|
Batting: RHB Hildo Pot
|
0-0: Swinging Strike 0-1: Swinging Strike 0-2: Ball 1-2: Ball 2-2: Foul Ball, location: 2F 2-2: DOUBLE (Line Drive, 7LS, EV 104.4 MPH)
|
|
Batting: RHB Michel Martineau
|
0-0: Intentional Walk
|
|
Pitching: RHP Jim Averette
|
|
|
Batting: SHB Aaron Tatar
|
0-0: Foul Ball, location: 2F 0-1: Foul Ball, location: 2F 0-2: Ball 1-2: Ball 2-2: Strikes out swinging
|
|
Batting: RHB Tony Rivera
|
0-0: Swinging Strike 0-1: Foul Ball, location: 2F 0-2: Ball 1-2: Foul Ball, location: 2F 1-2: Strikes out looking
|
|
Batting: RHB Sifaks Warui
|
0-0: Ball 1-0: Ball 2-0: Called Strike 2-1: Ground out 5-3 (Groundball, 5S, EV 87.5 MPH)
|
| Top of the 9th over - 0 runs, 1 hit, 0 errors, 2 left on base; Rochester 2 - Durham 0 |
| BOTTOM OF THE 9TH |
|
Durham Bulls batting - Pitching for Rochester Red Wings : RHP Fernando Macias
|
|
Pitching: RHP Isidro Aguirre
|
|
|
Now at 1B: Alvin Wiederhold
|
|
|
Now at 3B: Kai Baker
|
|
|
Pinch Hitting: LHB Robin More
|
0-0: Called Strike 0-1: Ball 1-1: Ground out 4-3 (Groundball, 4M, EV 96.2 MPH)
|
|
Batting: LHB Angel Ruvalcaba
|
0-0: Called Strike 0-1: Ball 1-1: Ball 2-1: Called Strike 2-2: Foul Ball, location: 2F 2-2: Fly out, F8 (Line Drive, 8RM, EV 105.0 MPH)
|
|
Now in CF: Joe Zimmerman
|
|
|
Batting: SHB Ben Pierce
|
0-0: Called Strike 0-1: Foul Ball, location: 2F 0-2: Foul Ball, location: 2F 0-2: Ball 1-2: Ball 2-2: Strikes out swinging
|
| Bottom of the 9th over - 0 runs, 0 hits, 0 errors, 0 left on base; Rochester 2 - Durham 0 |
|